 Dungeon Crawl Stone Soup version 0.28.0-53-g5a82cb258f (webtiles) character file.

Game seed: 518779009518864467

3588 MalarOregon the Skirmisher (level 9, -6/73 HPs)
             Began as a Palentonga Arcane Marksman on Apr 24, 2022.
             Was a Follower of Nemelex Xobeh.
             Killed from afar by an electric eel (9 damage)
             ... with a bolt of electricity
             ... on level 8 of the Dungeon on June 9, 2022.
             The game lasted 00:54:02 (14308 turns).

MalarOregon the Skirmisher (PaAM)                  Turns: 14308, Time: 00:54:02

Health: -6/73      AC: 15    Str: 17    XL:     9   Next: 85%
Magic:  14/14      EV:  9    Int: 15    God:    Nemelex Xobeh [*.....]
Gold:   134        SH: 13    Dex: 10    Spells: 10/15 levels left

rFire   . . .      SeeInvis +   y - +1 hunting sling (flame)
rCold   + . .      Faith    .   k - +0 kite shield
rNeg    . . .      Spirit   .   M - +0 steam dragon scales
rPois   .          Reflect  +   t - +0 helmet
rElec   .          Harm     .   (no cloak)
rCorr   +          Rampage  .   l - +0 pair of gloves
Will    .....                   (no barding)
Stlth   +.........              g - amulet of reflection
HPRegen 0.22/turn               o - ring of protection from cold
MPRegen 0.14/turn               v - ring of resist corrosion

@: studying Maces & Flails, curled up, very slow
A: large, rugged brown scales 3, see invisible, deformed body, roll 1, armoured
tail, reflexive curl
a: Rolling Charge, Renounce Religion, Draw Escape, Draw Destruction, Draw
Summoning


You were on level 8 of the Dungeon.
You worshipped Nemelex Xobeh.
Nemelex Xobeh was aware of your devotion.
You visited 2 branches of the dungeon, and saw 9 of its levels.

You collected 439 gold pieces.
You spent 305 gold pieces at shops.


Innate Abilities, Weirdness & Mutations

You are completely covered in rugged brown scales. (AC +3, +7% HP)
You have supernaturally acute eyesight. (SInv)
Armour fits poorly on your strangely shaped body.
You can roll at nearby foes to attack.
You have a long armoured tail.
You curl defensively after being hit. (AC +7*)


   Skills:
 * Level 5.9 Fighting
 * Level 4.5 Throwing
 + Level 2.9 Armour
 + Level 3.6 Dodging
 * Level 4.5 Shields
 + Level 3.6 Spellcasting
 + Level 4.9 Hexes
 * Level 4.0 Summonings
 + Level 2.6 Fire Magic


You had 10 spell levels left.
You knew the following spells:

 Your Spells              Type           Power      Damage    Failure   Level
a - Summon Small Mammal   Summ           56%        N/A       9%          1
b - Inner Flame           Hex/Fire       14%        N/A       26%         3
s - Slow                  Hex            68%        N/A       5%          1

Your spell library contained the following spells:

 Spells                   Type           Power      Damage    Failure   Level
 Animate Skeleton         Necr           4%         N/A       41%         1
 Apportation              Tloc           4%         N/A       41%         1
 Pain                     Necr           8%         1d4       41%         1
 Dazzling Flash           Conj/Hex       20%        N/A       43%         3
 Portal Projectile        Hex/Tloc       20%        N/A       43%         3
 Cause Fear               Hex            8%         N/A       50%         4
 Vampiric Draining        Necr           2%         2d6       78%         3
 Iskenderun's Mystic Bla  Conj/Tloc      2%         2d3       99%         4
 Blade Hands              Tmut           1%         N/A       100%        5
 Excruciating Wounds      Necr           1%         N/A       100%        5
 Starburst                Conj/Fire      3%         6d3       100%        6

Inventory:

Hand Weapons
 r - a +4 spear
   (You took it off a wight on level 7 of the Dungeon)
 y - a +1 hunting sling of flaming (weapon)
   (You found it on level 4 of the Dungeon)
 H - a +4 mace
   (You took it off an orc on level 5 of the Dungeon)
Missiles
 b - 16 sling bullets (quivered ammo)
 c - a throwing net {!f}
 e - 4 poisoned darts
 f - 99 stones
 p - a javelin
Armour
 k - a +0 kite shield (worn)
   (You found it on level 1 of the Dungeon)
 l - a +0 pair of gloves (worn)
   (You bought it in a shop on level 2 of the Dungeon)
 t - a +0 helmet (worn)
   (You found it on level 3 of the Dungeon)
 M - +0 steam dragon scales (worn)
   (You found it on level 6 of the Dungeon)
Jewellery
 g - an amulet of reflection (around neck)
   (You found it on level 1 of the Dungeon)
 o - a ring of protection from cold (left hand)
   (You found it on level 3 of the Dungeon)
 v - a ring of resist corrosion (right hand)
   (You found it on level 4 of the Dungeon)
 N - a ring of flight
   (You found it on level 8 of the Dungeon)
Wands
 d - a wand of iceblast (9)
   (You found it on level 8 of the Dungeon)
 s - a wand of mindburst (4)
   (You found it on level 3 of the Dungeon)
 u - a wand of paralysis (2)
   (You found it on level 4 of the Dungeon)
 x - a wand of acid (4)
   (You found it on level 8 of the Dungeon)
Scrolls
 a - a scroll of torment {unknown}
 i - a scroll of fog {unknown}
 m - a scroll of summoning
 q - a scroll of brand weapon {unknown}
 w - a scroll of teleportation {@r4}
 A - a scroll of enchant weapon
 D - a scroll of magic mapping {unknown}
 G - a scroll of enchant armour {unknown}
 I - a scroll of silence {unknown}
 K - a scroll of acquirement {unknown}
 L - a scroll of fear {unknown}
 O - 2 scrolls of immolation {!r}
Potions
 h - 3 potions of curing {@q1}
 j - a potion of attraction {unknown}
 n - a potion of magic {unknown}
 z - a potion of ambrosia {unknown}
 B - 3 potions of haste {@q3}
 C - a potion of might {unknown}
 E - 3 potions of lignification {!q}
 J - 2 potions of flight

Dungeon Overview and Level Annotations

Branches:
Dungeon (8/15)             Temple (1/1) D:7            Lair (0/6) D:8

Altars:
Ashenzari
Cheibriados
Dithmenos
Elyvilon
Fedhas
Gozag
Hepliaklqana
Kikubaaqudgha
Makhleb
Nemelex Xobeh
Okawaru
Qazlal
Ru
Sif Muna
Uskayaw
Vehumet
Wu Jian
Xom
Yredelemnul
Zin
The Shining One

Shops:
D:2 *[[[   D:4 =?:   D:6 *

Portals:
Abyss: D:6

Annotations:
D:6 2 transporters, DuloT34's ghost, novice NaTm
D:8 Gastronok

# #.. # ##.. # #.... #####
## # #....##...##.# . #####
#.....#......#.....#....
#+..........≈≈≈≈≈≈.....
#.....≈....≈≈≈≈≈≈≈.S...
#...≈≈@†y≈≈≈≈≈≈≈≈≈≈..≈.
+.....Fy.≈≈S≈≈≈≈≈≈≈≈≈≈.
#....≈≈Sy≈≈≈≈≈≈S≈hy≈...
##+####..≈≈≈≈≈F≈≈h≈≈≈hh≈≈≈..
.........≈≈≈≈≈h≈.....y≈≈≈.≈.
.............:.....>.h≈≈≈≈..
.........≈≈≈≈≈≈.....
............≈≈≈≈...≈
.........≈≈≈≈≈≈≈≈≈..


You could see a wolf, a bullfrog, a hound, 2 electric eels, a friendly bullfrog
(summoned) and 3 friendly killer bees.


Message History

Aiming: Mindburst
Press: ? - help, Shift-Dir - straight line, f/p - killer bee
Aim: a killer bee (chance to affect: 72%)
The killer bee struggles to resist.
The killer bee stings you but does no damage.
The killer bee stings you!
* * * LOW HITPOINT WARNING * * *
A killer bee comes into view.
The killer bee stings you but does no damage.
You block the killer bee's attack.
As you read the scroll of teleportation {@r4}, it crumbles to dust.
You feel strangely unstable. The killer bee stings you.
* * * LOW HITPOINT WARNING * * *
The killer bee stings you!
* * * LOW HITPOINT WARNING * * *
You are poisoned.
The killer bee poisons you! The killer bee barely misses you.
You block the killer bee's attack.
Unknown command.
You feel better. You block the killer bee's attack.
The killer bee closely misses you.
The killer bee stings you but does no damage.
The killer bee stings you.
* * * LOW HITPOINT WARNING * * *
The killer bee stings you but does no damage. x2
Casting: Summon Small Mammal (safe; 9% risk of failure)
Confirm with . or Enter, or press ? or * to list all spells.
The killer bee barely misses you. You block the killer bee's attack. x2
The killer bee stings you but does no damage.
The killer bee stings you.
* * * LOW HITPOINT WARNING * * *
You are poisoned.
The killer bee poisons you!
The killer bee stings you but does no damage.
You feel better.
Your bat closely misses the killer bee.
You block the killer bee's attack. x2; The killer bee stings you.
* * * LOW HITPOINT WARNING * * *
Your bat hits the killer bee but does no damage.
The killer bee stings you but does no damage.
The killer bee stings you.
* * * LOW HITPOINT WARNING * * *
The killer bee barely misses you.
Your surroundings suddenly seem different.
A troll and a water moccasin come into view.
Found a book of Decay.
The troll shouts!
You hear a loud, deep croak!
A hound comes into view.
The hound barks!
Found a leather armour.
The water moccasin barely misses you.
As you read the scroll of teleportation {@r4}, it crumbles to dust.
You feel strangely unstable. The water moccasin bites you.
* * * LOW HITPOINT WARNING * * *
You block the hound's attack. The water moccasin bites you.
* * * LOW HITPOINT WARNING * * *
You are poisoned.
The water moccasin poisons you!
You feel very sick.
Your surroundings suddenly seem different.
Splash!
You fall into the shallow water.
Moving in this stuff is going to be slow.
Found a staircase to the Lair.
You feel very sick.
You hear a croak.
You hear a bark! x2; You hear a howl!
A bullfrog comes into view.
Unknown command.
As you read the scroll of summoning, it crumbles to dust.
Wisps of shadow whirl around you...
You feel sick. You block the hound's attack.
The electric eel shoots out a bolt of lightning at you!
The bolt of electricity hits you!
* * * LOW HITPOINT WARNING * * *
You feel better. The hound bites you but does no damage.
Your killer bee closely misses the hound.
Your bullfrog hits the hound! You block the hound's attack.
Your killer bee stings the hound.
You swap places.
The hound completely misses your killer bee.
Your killer bee stings the hound!
The hound is poisoned.
Your killer bee poisons the hound!
Your killer bee stings the hound.
The hound is poisoned.
Your killer bee poisons the hound!
Your bullfrog closely misses the hound.
You block the hound's attack.
The electric eel shoots out a bolt of lightning at you!
The bolt of electricity hits the hound!
The hound dies!
The bolt of electricity misses your killer bee.
The bolt of electricity hits you!
* * * LOW HITPOINT WARNING * * *
Your killer bee stings the hound.
Your bullfrog closely misses the hound.
The bullfrog misses your killer bee. The hound barely misses you.
The electric eel shoots out a bolt of lightning at you!
The bolt of electricity hits your killer bee!
The bolt of electricity hits the hound!
The hound dies!
The bolt of electricity hits you!
You die...
Your body disappears without a glow.

Skill      XL: |  1  2  3  4  5  6  7  8  9 |
---------------+----------------------------+-----
Fighting       | 2 3 4 5 |  5.9
Throwing       | 2 3 4 |  4.5
Dodging        | 2 3 |  3.6
Shields        | 1 2 3 4 |  4.5
Armour         | 1 2 |  2.9
Spellcasting   | 2 3 |  3.6
Summonings     | 1 2 3 4 |  4.0
Fire Magic     | 1 2 |  2.6
Hexes          | 4 |  4.9

Action                   |  1- 3 |  4- 6 |  7- 9 || total
-------------------------+-------+-------+-------++-------
Melee: Unarmed           |     1 |       |       ||     1
       Dagger            |   160 |   217 |       ||   377
       Tailslap          |    15 |    24 |       ||    39
 Fire: Hunting sling     |       |    91 |   355 ||   446
Throw: Javelin           |    31 |       |     2 ||    33
       Stone             |    97 |     6 |       ||   103
       Throwing net      |     2 |       |       ||     2
       Dart              |       |       |    14 ||    14
 Cast: Slow              |     9 |    11 |    20 ||    40
       Summon Small Mamm |       |     6 |     8 ||    14
 Abil: Rolling Charge    |     2 |     3 |       ||     5
Evoke: Wand              |       |    10 |    23 ||    33
  Use: Scroll            |       |     5 |     6 ||    11
       Potion            |       |       |     4 ||     4
 Stab: Held in net/web   |     1 |       |       ||     1
Armor: Robe              |    55 |    65 |    62 ||   182
       Steam dragon scal |       |       |    46 ||    46
Dodge: Dodged            |    63 |    61 |   107 ||   231
Block: Other             |     8 |       |       ||     8
       Kite shield       |    93 |   163 |   232 ||   488
       Reflection        |       |       |    18 ||    18

Levels and vault maps discovered:
D:1:      elethiomel_arrival_fortress_basement, layout_basic,
          chequers_decorated_corner, minmay_gold_behind_fungi, st_stairs_6,
          minmay_pentomino_v4
D:2:      layout_loops_ring, serial_shops,
          nicolae_shop_competitors_out_of_business, nicolae_shop_behind_doors,
          shop_statue, shop, amcnicky_mini_rare_corridor_liquid,
          minmay_rat_hole, uniq_terence
D:3:      kennysheep_the_goblin_king, layout_loops_ring,
          hellmonk_ecumenical_altar_crossroads, hangedman_decor_riveting,
          uniq_ijyb
D:4:      layout_loops_ring, serial_shops, shop, kennysheep_mini,
          kennysheep_little_box, feat_on_display
D:5:      layout_rooms, mainiacjoe_overflow_24_doors
D:6:      layout_cave_pools, serial_shops, nicolae_shop_advertising_works
          [nicolae_subvault_shop_adworks], gammafunk_ghost_abyssal_escape,
          grunt_ministairs_1
D:7:      layout_cave_pools, minmay_temple_entry_purple_smoke, uniq_menkaure,
          uniq_joseph
D:8:      layout_gridville, erik_lair_island, special_room [special_room_orc],
          serial_shops, shop, minmay_manual_mares, uniq_gastronok
Temple:   mainiacjoe_temple_big_plus

Notes
Turn   | Place    | Note
-------+----------+-------------------------------------------
     0 | D:1      | MalarOregon the Palentonga Arcane Marksman began the quest
                  | for the Orb.
     0 | D:1      | Reached XP level 1. HP: 16/16 MP: 2/2
   104 | D:1      | Reached XP level 2. HP: 22/22 MP: 3/3
   941 | D:1      | Reached XP level 3. HP: 11/28 MP: 4/4
  1251 | D:2      | Found Xaorph's Armour Emporium.
  1541 | D:2      | Reached skill level 2 in Fighting
  1833 | D:2      | Found Sauttat's Armour Emporium.
  1836 | D:2      | Bought a +0 pair of gloves for 58 gold pieces
  1842 | D:2      | Noticed Terence
  1881 | D:2      | HP: 7/28 [Terence/+1 mace of pain (1)]
  1890 | D:2      | HP: 2/28 [Terence/+1 mace of pain (5)]
  2598 | D:2      | Killed Terence
  2599 | D:2      | Reached skill level 2 in Throwing
  2599 | D:2      | Reached skill level 2 in Dodging
  2599 | D:2      | Reached XP level 4. HP: 27/35 MP: 2/6
  2688 | D:2      | Found Gontum's General Store.
  2692 | D:2      | Bought a +0 quarterstaff for 44 gold pieces
  2692 | D:2      | Bought a scroll of teleportation for 33 gold pieces
  2869 | D:2      | Found Xuecot's Armour Emporium.
  3380 | D:3      | Noticed Ijyb
  3565 | D:3      | Learned a level 3 spell: Inner Flame
  3673 | D:3      | Found a faded altar of an unknown god.
  3693 | D:3      | Reached skill level 1 in Shields
  4117 | D:3      | You pick up a book of Weapons and begin reading...
  4117 | D:3      | You add the spells Excruciating Wounds and Blade Hands to
                  | your library.
  4224 | D:4      | You pick up a book of Cantrips and begin reading...
  4224 | D:4      | You add the spells Animate Skeleton, Summon Small Mammal
                  | and Apportation to your library.
  4301 | D:4      | Noticed an ogre
  4357 | D:3      | Learned a level 1 spell: Summon Small Mammal
  4369 | D:4      | Noticed a necrophage
  4383 | D:3      | Killed a necrophage
  4384 | D:3      | Reached skill level 1 in Armour
  4384 | D:3      | Reached XP level 5. HP: 34/41 MP: 7/7
  4396 | D:3      | HP: 8/41 [disintegration (6)]
  5462 | D:4      | HP: 9/42 [ogre/+0 giant club (8)]
  5780 | D:3      | Killed Ijyb
  5781 | D:3      | Reached XP level 6. HP: 33/49 MP: 8/8
  5901 | D:4      | Reached skill level 3 in Fighting
  5901 | D:4      | Reached skill level 2 in Spellcasting
  5901 | D:4      | Reached skill level 1 in Summonings
  6387 | D:4      | Found Jixtegic's Jewellery Shoppe.
  6479 | D:4      | You pick up a book of Spectacle and begin reading...
  6479 | D:4      | You add the spells Dazzling Flash, Iskenderun's Mystic
                  | Blast and Starburst to your library.
  6608 | D:4      | Found Duleh's Book Shop.
  6629 | D:4      | You pick up a book of Necromancy and begin reading...
  6629 | D:4      | You add the spells Pain and Vampiric Draining to your
                  | library.
  6792 | D:4      | Found Ukkuifer's Magic Scroll Emporium.
  6795 | D:4      | Bought a scroll of identify for 22 gold pieces
  6795 | D:4      | Bought a scroll of teleportation for 33 gold pieces
  6795 | D:4      | Bought a scroll of teleportation for 33 gold pieces
  6795 | D:4      | Bought a scroll of enchant weapon for 82 gold pieces
  6932 | D:5      | Entered Level 5 of the Dungeon
  7098 | D:5      | Reached skill level 2 in Shields
  7293 | D:5      | Gained mutation: You curl defensively after being hit. (AC
                  | +7*) [Palentonga growth]
  7293 | D:5      | Reached XP level 7. HP: 55/55 MP: 10/10
  7367 | D:5      | Reached skill level 1 in Fire Magic
  7481 | D:5      | Found a glowing golden altar of the Shining One.
  8246 | D:6      | HP: 8/55 [centaur warrior zombie (8)]
  8258 | D:6      | HP: 7/55 [centaur warrior zombie (4)]
  8266 | D:6      | Reached skill level 4 in Fighting
  8266 | D:6      | Reached skill level 3 in Throwing
  8266 | D:6      | Reached skill level 2 in Summonings
  8266 | D:6      | Reached XP level 8. HP: 9/64 MP: 11/11
  8629 | D:5      | Reached skill level 4 in Hexes
  8751 | D:5      | Reached skill level 2 in Armour
  8751 | D:5      | Reached skill level 3 in Shields
  8943 | D:5      | HP: 12/64 [iguana (6)]
  9322 | D:6      | Found a transporter.
  9331 | D:6      | Found a one-way gate to the infinite horrors of the Abyss.
  9357 | D:6      | Found a transporter.
  9365 | D:6      | Noticed a small abomination
  9410 | D:6      | Found Notsufih's Assorted Antiques.
  9565 | D:6      | Reached skill level 3 in Dodging
  9791 | D:6      | Noticed an ancient zyme
  9793 | D:6      | Noticed DuloT34's ghost (novice NaTm)
  9835 | D:7      | Found a staircase to the Ecumenical Temple.
  9844 | Temple   | Entered the Ecumenical Temple
 10289 | Temple   | Became a worshipper of Nemelex Xobeh the Trickster
 10457 | D:7      | Reached skill level 3 in Spellcasting
 10771 | D:7      | Reached skill level 3 in Summonings
 11036 | D:7      | Reached skill level 2 in Fire Magic
 11158 | D:7      | Noticed Joseph
 11598 | D:6      | Reached XP level 9. HP: 42/69 MP: 13/13
 11743 | D:6      | Reached skill level 5 in Fighting
 12076 | D:7      | Noticed Menkaure
 12082 | D:7      | Killed Menkaure
 12514 | D:7      | HP: 15/72 [Joseph/sling bullet (22)]
 12524 | D:7      | Killed Joseph
 12525 | D:7      | Reached skill level 4 in Throwing
 12525 | D:7      | Reached skill level 4 in Shields
 13043 | D:8      | Reached * piety under Nemelex Xobeh
 13062 | D:8      | Noticed a deep elf pyromancer
 13504 | D:8      | Upgraded the game from 0.28.0-45-g0d030f2227 to
                  | 0.28.0-53-g5a82cb258f
 13509 | D:8      | Noticed Gastronok
 13509 | D:8      | Gastronok the Ponderous comes into view. He is wearing the
                  | +3 hat of Pondering {ponderous, Will+ MP+10 Int+5}.
 13725 | D:8      | Aim: Gastronok, wearing the +3 hat of Pondering {ponderous,
                  | Will+ MP+10 Int+5} (chance to affect: 1%)
 13725 | D:8      | Aim: Gastronok, wearing the +3 hat of Pondering {ponderous,
                  | Will+ MP+10 Int+5} (chance to affect: 1%)
 13725 | D:8      | Aim: Gastronok, wearing the +3 hat of Pondering {ponderous,
                  | Will+ MP+10 Int+5} (100% to hit)
 13725 | D:8      | Aim: Gastronok, wearing the +3 hat of Pondering {ponderous,
                  | Will+ MP+10 Int+5} (100% to hit)
 13726 | D:8      | Aim: Gastronok, wearing the +3 hat of Pondering {ponderous,
                  | Will+ MP+10 Int+5} (lightly wounded, covered in acid, 93%
                  | to hit)
 13726 | D:8      | Aim: Gastronok, wearing the +3 hat of Pondering {ponderous,
                  | Will+ MP+10 Int+5} (lightly wounded, covered in acid, 93%
                  | to hit)
 13727 | D:8      | Aim: Gastronok, wearing the +3 hat of Pondering {ponderous,
                  | Will+ MP+10 Int+5} (lightly wounded, covered in acid, 93%
                  | to hit)
 13727 | D:8      | Aim: Gastronok, wearing the +3 hat of Pondering {ponderous,
                  | Will+ MP+10 Int+5} (lightly wounded, covered in acid, 93%
                  | to hit)
 13728 | D:8      | Aim: Gastronok, wearing the +3 hat of Pondering {ponderous,
                  | Will+ MP+10 Int+5} (moderately wounded, covered in acid,
                  | 93% to hit)
 13728 | D:8      | Aim: Gastronok, wearing the +3 hat of Pondering {ponderous,
                  | Will+ MP+10 Int+5} (moderately wounded, covered in acid,
                  | 93% to hit)
 13740 | D:8      | Aim: Gastronok, wearing the +3 hat of Pondering {ponderous,
                  | Will+ MP+10 Int+5} (moderately wounded, 100% to hit)
 13740 | D:8      | Aim: Gastronok, wearing the +3 hat of Pondering {ponderous,
                  | Will+ MP+10 Int+5} (moderately wounded, 100% to hit)
 13741 | D:8      | Aim: Gastronok, wearing the +3 hat of Pondering {ponderous,
                  | Will+ MP+10 Int+5} (moderately wounded, covered in acid,
                  | 93% to hit)
 13741 | D:8      | Aim: Gastronok, wearing the +3 hat of Pondering {ponderous,
                  | Will+ MP+10 Int+5} (moderately wounded, covered in acid,
                  | 93% to hit)
 13742 | D:8      | Aim: Gastronok, wearing the +3 hat of Pondering {ponderous,
                  | Will+ MP+10 Int+5} (moderately wounded, covered in acid,
                  | 93% to hit)
 13742 | D:8      | Aim: Gastronok, wearing the +3 hat of Pondering {ponderous,
                  | Will+ MP+10 Int+5} (moderately wounded, covered in acid,
                  | 93% to hit)
 13743 | D:8      | Aim: Gastronok, wearing the +3 hat of Pondering {ponderous,
                  | Will+ MP+10 Int+5} (moderately wounded, covered in acid,
                  | 93% to hit)
 13743 | D:8      | Aim: Gastronok, wearing the +3 hat of Pondering {ponderous,
                  | Will+ MP+10 Int+5} (moderately wounded, covered in acid,
                  | 93% to hit)
 13955 | D:7      | HP: 13/73 [burnt (7)]
 13964 | D:7      | Killed a deep elf pyromancer
 13965 | D:7      | Reached skill level 4 in Summonings
 14289 | D:8      | HP: 12/73 [killer bee (7)]
 14293 | D:8      | Noticed a troll
 14304 | D:8      | HP: 18/73 [poisoned by a water moccasin]
 14305 | D:8      | Found a staircase to the Lair.
 14306 | D:8      | HP: 7/73 [electric eel/bolt of electricity (7)]
 14308 | D:8      | HP: 3/73 [electric eel/bolt of electricity (12)]
 14308 | D:8      | Killed from afar by an electric eel

Vanquished Creatures
  A deep elf pyromancer (D:7)
  Joseph (D:7)
  A wyvern (D:7)
  Menkaure (D:7)
  A steam dragon (D:6)
  2 orc warriors
  A sky beast (D:5)
  3 ogres
  A necrophage (D:3)
  4 centaurs
  A phantom (D:6)
  2 bullfrogs (D:7)
  A water moccasin zombie (D:6)
  3 wights
  A killer bee (D:8)
  A howler monkey (D:5)
  4 centaur zombies
  2 jellies
  A centaur skeleton (D:7)
  2 orc priests
  A hound (D:5)
  Ijyb (D:3)
  Terence (D:2)
  2 iguanas
  4 orc wizards
  A hound skeleton (D:4)
  6 adders
  A shadow imp (D:6)
  3 worms
  3 dart slugs (D:1)
  25 orcs
  6 bats
  7 endoplasms
  3 giant cockroaches
  15 goblins
  3 hobgoblins
  3 jackals (D:2)
  5 quokkas
  6 ball pythons
  4 frilled lizards
  3 kobolds (D:1)
  25 rats
162 creatures vanquished.

Vanquished Creatures (others)
  2 hounds (D:8)
  A fungus (D:1)
  4 toadstools (D:1)
7 creatures vanquished.

Grand Total: 169 creatures vanquished

Table legend:
 A = Non-vault XP
 B = Vault XP
 C = Vault XP percentage of total XP
 D = Non-vault monster count
 E = Vault monster count
 F = Vault count percentage of total count
                 A         B        C        D         E       F
            +---------+---------+-------+---------+---------+-------
      Total |    4030 |    1167 |  22.5 |     124 |      40 |  24.4
            +---------+---------+-------+---------+---------+-------
        D:1 |      35 |      11 |  23.9 |      20 |       5 |  20.0
        D:2 |      28 |      56 |  66.7 |      18 |      20 |  52.6
        D:3 |     154 |      47 |  23.4 |      13 |       7 |  35.0
        D:4 |     289 |       0 |   0.0 |      20 |       0 |   0.0
        D:5 |     582 |      94 |  13.9 |      19 |       2 |   9.5
        D:6 |    1226 |       0 |   0.0 |      12 |       0 |   0.0
        D:7 |    1461 |     658 |  31.1 |      18 |       2 |  10.0
        D:8 |     255 |     301 |  54.1 |       4 |       4 |  50.0
            +---------+---------+-------+---------+---------+-------

Illustrated notes

Table legend:
 A = Kills in this place as a percentage of kills in entire the game.
 B = Kills by you in this place as a percentage of kills by you in the entire game.
 C = Kills by friends in this place as a percentage of kills by friends in the entire game.
 D = Other kills in this place as a percentage of other kills in the entire game.
 E = Experience gained in this place as a percentage of experience gained in the entire game.
 F = Experience gained in this place divided by the number of levels of this place that you have seen.
                   A       B       C       D       E      F
               +-------+-------+-------+-------+-------+----------------------
         Total | 100.0 | 100.0 |   N/A | 100.0 | 100.0 | 577.4
       Dungeon | 100.0 | 100.0 |   N/A | 100.0 | 100.0 | 649.6
               +-------+-------+-------+-------+-------+----------------------

Table legend: (Time is in decaauts)
 A = Elapsed time spent in this place.
 B = Non-inter-level travel time spent in this place.
 C = Inter-level travel time spent in this place.
 D = Time resting spent in this place.
 E = Time spent auto-exploring this place.
 F = Levels seen in this place.
 G = Mean time per level.
                   A        B        C        D        E       F      G
               +--------+--------+--------+--------+--------+-----+--------+
         Total |  14523 |  13580 |    943 |   3070 |   7070 |   9 | 1613.7 |
       Dungeon |  14048 |  13188 |    860 |   3070 |   6688 |   8 | 1756.0 |
        Temple |    475 |    392 |     83 |      0 |    382 |   1 |  475.0 |
               +--------+--------+--------+--------+--------+-----+--------+

Top non-repeatable levels by time:
     D:7: 2215 daAuts
     D:6: 2209 daAuts
     D:4: 2090 daAuts
     D:5: 1913 daAuts
     D:2: 1810 daAuts
     D:3: 1774 daAuts
     D:1: 1409 daAuts
     D:8: 625 daAuts
  Temple: 475 daAuts
